[Event "Romanian Team Blitz Open 2022"]
[Site "Sebes"]
[Date "2022.12.04"]
[Round "7.7"]
[White "Vrencian, Lehel"]
[Black "Itkis, Boris"]
[Result "1/2-1/2"]
[ECO "B08"]
[WhiteElo "2226"]
[BlackElo "2343"]
[Annotator "TA"]
[PlyCount "214"]
[EventDate "2022.12.04"]
[EventType "blitz"]
[EventCountry "ROU"]
[SourceTitle "playchess.com"]
[Source "ChessBase"]
[SourceQuality "1"]
[TimeControl "180+2"]

1. e4 d6 2. d4 Nf6 3. Nc3 g6 4. Nf3 Bg7 5. Be2 O-O 6. O-O a6 7. Re1 e6 8. h3 b5 9. a3 Bb7 10. Bf1 h6 11. Bf4 Nbd7 12. Qe2 Nh5 13. Bh2 e5 14. dxe5 Nxe5 15. Rad1 Nxf3+ 16. Qxf3 Qf6 17. Qg4 Qe6 (17... Rfe8 $11) 18. Nd5 (18. Qxe6 $16 fxe6 19. e5) 18... Bxd5 $11 19. exd5 Qxg4 20. hxg4 Nf6 21. f3 Nd7 22. Re7 Rad8 23. c3 Bf6 24. Ree1 Nc5 25. Bf4 Bg5 26. Bg3 (26. Bxg5 {simplifies} hxg5 27. b4 Nd7 28. Rc1) 26... Na4 27. Rb1 Rfe8 28. c4 Be3+ 29. Bf2 Bxf2+ 30. Kxf2 Rxe1 31. Kxe1 bxc4 32. Bxc4 a5 33. Kd2 Nb6 34. Ba2 a4 35. Re1 Kf8 36. Kc3 Ra8 37. Rh1 Kg7 38. Re1 Kf6 39. Rh1 Kg7 40. Re1 Kf6 41. Kd4 Nd7 42. Bc4 Rb8 43. Kc3 Nc5 44. Rh1 Kg7 45. Re1 Kf6 46. Rh1 Kg7 47. Rb1 Re8 48. Kd2 g5 49. b4 (49. Rh1 $11 {keeps the balance.}) 49... axb3 $17 50. Bxb3 Ra8 51. a4 Nxa4 (51... Rb8 $17 52. Bc2 Rxb1 53. Bxb1 Nxa4) 52. Ra1 (52. Bxa4 $11 Rxa4 53. Kd3) 52... Nb6 $17 53. Rc1 (53. Rxa8 $15 Nxa8 54. Kd3) 53... Ra7 54. Kc3 Kf6 55. Rh1 Kg7 (55... Ke5 $17 56. Re1+ Kf4) 56. Kd4 (56. Rc1 $1 $11) 56... Nd7 57. Re1 Ne5 58. Rc1 Rb7 59. Bd1 Rb4+ 60. Ke3 Rb7 (60... Ng6 $17 61. Rxc7 Nf4) 61. Ba4 $2 (61. Kd4 $1 $11) 61... Kf6 (61... Ng6 $142 {White must now prevent ...Nf4.} 62. Rc2 Rb4) 62. g3 $2 (62. Bc2 $17) 62... Ra7 $1 $19 63. Bd1 $2 (63. Bb3) 63... Ra3+ $19 64. Kf2 (64. Kd2 $142 Nxf3+ 65. Ke2) 64... Rd3 $2 (64... Nd3+ 65. Ke2 Nxc1+ 66. Kd2 Nd3) 65. Be2 {[%emt 0:00:01] [#]} (65. f4 $142 gxf4 66. gxf4) 65... Rxd5 $2 ({Black should try} 65... Rxf3+ $1 $19 66. Bxf3 Nd3+ 67. Ke3 Nxc1) 66. Rxc7 $15 Rd2 67. Ke3 (67. f4 $5 Ng6 68. Ke3 $11) 67... Ra2 68. Rb7 Ra3+ (68... d5 $5 69. f4 Nc4+ 70. Bxc4 dxc4 $15) 69. Kf2 $1 ({Wrong is} 69. Ke4 $2 Nxf3 $1 70. Rb6 (70. Bxf3 $2 {too greedy.} d5+ 71. Kd4 Rxf3 $19) 70... Nd2+ 71. Kd5 Re3 $19) 69... Nd3+ 70. Kf1 (70. Bxd3 $11 Rxd3 71. Rb8) 70... Ra1+ $17 71. Kg2 Nc5 72. Rc7 Ra2 73. Kf1 Rb2 74. Bc4 Rb7 75. Rc6 Ke5 76. Rc8 $2 (76. f4+ $17 {was called for.} Kd4 77. Ba2) 76... Kd4 $19 77. Be2 {[%emt 0:00:02] [#]} Ke3 $1 78. Re8+ {[%emt 0:00:07] [#]} Ne6 $1 79. Bc4 Kxf3 $4 (79... Rb4 $19 80. Bxe6 fxe6 81. Rxe6+ Kxf3 82. Rf6+ Kxg3 83. Rxd6 Rb1+ 84. Ke2 Rh1) 80. Bd5+ $18 Kxg3 81. Bxb7 Kxg4 82. Bd5 $2 (82. Re7 {[%cal Ob7c8] aiming for Bc8!} Nd8 83. Bc8+ Kf3 84. Rd7) 82... Nf4 $2 (82... Nc7 83. Re4+ (83. Bxf7 Nxe8 84. Bxe8 h5 $11) 83... Kf5) 83. Bxf7 $18 h5 84. Be6+ Kg3 85. Bc4 g4 86. Re3+ $2 ({White should play} 86. Bb5 $18) 86... Kh4 $2 (86... Kh2 $11) 87. Kf2 $18 d5 88. Bb3 d4 89. Re4 $2 (89. Re8 $18) 89... Nd3+ $11 90. Kg2 (90. Kf1 $5 Nc5 $8 91. Rxd4 Nxb3 92. Rd5 $11) 90... Nc5 91. Rxd4 Nxb3 92. Rb4 Nd2 93. Ra4 Nf3 94. Ra5 Ng5 95. Ra1 Nh3 96. Ra4 $1 Ng5 97. Ra1 $1 Nf7 98. Rh1+ Kg5 99. Kg3 (99. Rf1 $5 Nh6 100. Ra1 $11) 99... Nh6 100. Ra1 Nf5+ 101. Kh2 $1 h4 102. Ra8 h3 103. Rg8+ Kf4 104. Rf8 Kg5 105. Rg8+ Kf4 106. Rh8 Nd4 107. Rxh3 Ke5 1/2-1/2

[Event "Romanian Team Blitz Open 2022"]
[Site "Sebes"]
[Date "2022.12.04"]
[Round "7.8"]
[White "Bulau, Andrei-Cristian"]
[Black "Craciun, Sasha-Matei"]
[Result "1/2-1/2"]
[ECO "D35"]
[WhiteElo "2154"]
[BlackElo "2001"]
[Annotator "TA"]
[PlyCount "122"]
[EventDate "2022.12.04"]
[EventType "blitz"]
[EventCountry "ROU"]
[SourceTitle "playchess.com"]
[Source "ChessBase"]
[SourceQuality "1"]
[TimeControl "180+2"]

1. d4 d5 2. c4 e6 3. Nc3 Be7 4. cxd5 exd5 5. Nf3 Nf6 6. Bf4 c6 7. e3 Bf5 8. Bd3 Bxd3 9. Qxd3 Nbd7 10. O-O O-O 11. Ne5 {[%emt 0:00:01] D35: Queen's Gambit Declined: Exchange Variation.} Nh5 12. Qf5 Nxe5 13. Bxe5 {[%emt 0:00:07] [#]} Nf6 $146 (13... g6 $5 14. Qh3 f6 $11) ({Predecessor:} 13... g6 14. Qd3 f6 15. Bg3 Qd7 16. Rad1 Rf7 17. Ne2 Re8 18. f3 Nxg3 19. Nxg3 Bd8 {0-1 (50) Carvalho,G (2172)-Van der Stricht,G (2369) Istanbul 2000}) 14. Rac1 Qd7 15. Qxd7 Nxd7 16. Bg3 h5 17. h3 Rfe8 18. Ne2 g6 19. Nf4 Nf6 (19... h4 $5 20. Bh2 $8 Nf6 $11) 20. Nd3 Ne4 {[%emt 0:00:02] [#] Hoping for ...Nxg3.} 21. Bh2 Bd6 22. Bxd6 Nxd6 23. Rc2 f6 24. Nc5 Kf7 25. Rfc1 Re7 26. Rc3 g5 27. g3 h4 28. g4 Kg6 29. Kg2 Rf8 30. Nd3 Nc4 31. b3 Nd6 32. R3c2 Kg7 33. Rb2 Rfe8 34. Rbc2 Nf7 35. Rc5 Nd8 36. R5c2 Ne6 37. Nc5 Nxc5 38. Rxc5 $11 {[%emt 0:00:02][%mdl 4096] Endgame KRR-KRR} Kg6 39. b4 a6 {[%emt 0:00:07] Prevents b5.} 40. a4 f5 {[%emt 0:00:09] [#]} (40... Rd7 $1 $11 {remains equal.}) 41. gxf5+ (41. b5 $1 $16 ) 41... Kxf5 42. b5 axb5 43. axb5 Ke4 (43... g4 $11 {keeps the balance.}) 44. bxc6 $16 bxc6 45. Rxc6 Rf7 (45... Re6 $16 46. Rc7 R6e7) 46. Rg6 ({White should try} 46. R1c3 $18) 46... Ref8 47. Rc2 {[%emt 0:00:09] And now Rd2 would win.} ({Much worse is} 47. Rxg5 $6 Rxf2+ 48. Kh1 Rd2 $11) 47... Rf5 48. Re6+ Kd3 49. Ra2 R8f7 50. Rb6 Ke4 51. Re6+ Kd3 52. Rb2 (52. Rea6 $16) 52... Rf8 (52... Rg7 $1 $11) 53. Reb6 Ke4 54. Rd2 {[%emt 0:00:04] Re6+ would kill now.} R8f6 {[%emt 0:00:08] Prevents Re6+.} 55. Rxf6 Rxf6 {KR-KR} 56. Rb2 Kd3 (56... Rf8 $142 57. Rb5 Re8) 57. Rb5 (57. Ra2 $16) 57... Ke2 $11 {[%emt 0:00:01] The position is equal.} 58. Rxd5 Rxf2+ 59. Kg1 Rf1+ 60. Kg2 Rf2+ 61. Kg1 Rf1+ {[%emt 0:00:01] Weighted Error Value: White=0.19 (very precise) /Black=0.19 (very precise)} 1/2-1/2

[Event "Romanian Team Blitz Open 2022"]
[Site "Sebes"]
[Date "2022.12.04"]
[Round "7.9"]
[White "Miron, Lucian-Costin"]
[Black "Dragomirescu, Robin-Alexandru"]
[Result "1-0"]
[ECO "D02"]
[WhiteElo "2510"]
[BlackElo "2337"]
[Annotator "TA"]
[PlyCount "55"]
[EventDate "2022.12.04"]
[EventType "blitz"]
[EventCountry "ROU"]
[SourceTitle "playchess.com"]
[Source "ChessBase"]
[SourceQuality "1"]
[TimeControl "180+2"]

1. Nf3 Nc6 2. d4 d5 3. g3 Bg4 4. h3 Bxf3 5. exf3 Nf6 6. Bg2 {[%emt 0:00:02] D02: 1 d4 d5 2 Nf3 sidelines, including 2...Nf6 3 g3 and 2...Nf6 3 Bf4.} e5 (6... e6 $11 {keeps the balance.}) 7. dxe5 $16 Nxe5 8. O-O {[%emt 0:00:26] [#] Threatens to win with Re1. White is better.} Be7 {[%emt 0:00:03] [#]} 9. Re1 $146 ({Predecessor:} 9. f4 Nc6 10. Nc3 d4 11. Nb5 O-O 12. c3 d3 13. Be3 a6 14. Nd4 Nxd4 15. Bxd4 {1-0 (40) Araujo Sanchez,J (2256)-Ljukin,S (2362) Chess.com INT 2022}) 9... Nc4 10. Qe2 Qd7 11. b3 (11. Bd2 {looks sharper.} Qe6 12. Qd3 Qd7 13. Bb4) 11... Nd6 12. Bd2 Kf8 {[%emt 0:00:14] Black is now going downhill.} 13. Nc3 $36 {[%emt 0:00:11][%mdl 2048] Keeping Black busy.} Re8 14. Qd3 c6 15. Be3 {[%emt 0:00:12] White has more active pieces.} b6 16. Rad1 Qf5 17. Qd2 h5 18. h4 g6 (18... Kg8 $16 {was necessary.} 19. Ne2 Qd7) 19. Ne2 $18 Kg7 20. Kh2 Qd7 21. c4 dxc4 (21... Nf5 {was called for.}) 22. bxc4 Qc8 23. Qc3 Kh7 24. Rxd6 Ng4+ (24... Bxd6 25. Qxf6 Qe6 26. Qxe6 Rxe6) 25. fxg4 {[%emt 0:00:04] White is clearly winning.} Bxd6 26. gxh5 Qg4 27. Qf6 {[%emt 0:00:12][%cal Rf6f7] [#]} Rhf8 28. Qxd6 {[%emt 0:00:03] Weighted Error Value: White=0.11 (very precise) /Black=0.43} 1-0

[Event "Romanian Team Blitz Open 2022"]
[Site "Sebes"]
[Date "2022.12.04"]
[Round "7.10"]
[White "Ionescu, Mihai"]
[Black "Filip, Lucian-Ioan"]
[Result "1/2-1/2"]
[ECO "A30"]
[WhiteElo "2243"]
[BlackElo "2370"]
[Annotator "TA"]
[PlyCount "58"]
[EventDate "2022.12.04"]
[EventType "blitz"]
[EventCountry "ROU"]
[SourceTitle "playchess.com"]
[Source "ChessBase"]
[SourceQuality "1"]
[TimeControl "180+2"]

1. Nf3 Nf6 2. c4 c5 3. Nc3 e6 4. g3 b6 5. Bg2 Bb7 6. O-O a6 7. b3 Be7 8. Bb2 O-O 9. e3 d6 10. Qe2 Nbd7 11. Rfd1 Qc7 12. Rac1 Rac8 {[%emt 0:00:03] A30: Symmetrical English: Double Fianchetto and Hedgehog.} 13. d4 Ne4 14. Nxe4 Bxe4 {[%emt 0:00:02] [#]} 15. Ne1 $146 ({Predecessor:} 15. Nd2 Bxg2 16. Kxg2 Qb7+ 17. Qf3 Qxf3+ 18. Kxf3 Rfd8 19. dxc5 dxc5 20. Ne4 Nf6 21. Bxf6 Bxf6 {½-½ (57) Jantzen,H (2128)-Gomolla,P (2201) Lueneburg 2015}) 15... Bxg2 16. Nxg2 Bf6 17. Nf4 g6 18. Rd2 Rfd8 19. Rcd1 Bg7 (19... cxd4 $11 20. Bxd4 d5) 20. h4 h5 21. Qf3 b5 22. dxc5 Nxc5 23. Bxg7 Kxg7 24. cxb5 axb5 25. Nd3 Nd7 26. Rc1 Qa5 27. Rdc2 Rxc2 28. Rxc2 d5 (28... Nc5 $11 29. Qd1 (29. Nxc5 Qe1+ 30. Kg2 dxc5 $11) 29... Nd7) 29. Kg2 ({White should play} 29. Qf4 $16) 29... Qb6 {[%emt 0:00:07] Weighted Error Value: White=0.16 (very precise) /Black=0.22 (precise)} (29... e5 $11 30. Qe2 (30. Qxd5 $2 {too greedy.} Nf6 $19) 30... Re8) 1/2-1/2

[Event "Romanian Team Blitz Open 2022"]
[Site "Sebes"]
[Date "2022.12.04"]
[Round "7.11"]
[White "Secheres, Adrian-Simion"]
[Black "Dragomirescu, Calin"]
[Result "1/2-1/2"]
[ECO "E74"]
[WhiteElo "2365"]
[BlackElo "1971"]
[Annotator "TA"]
[PlyCount "72"]
[EventDate "2022.12.04"]
[EventType "blitz"]
[EventCountry "ROU"]
[SourceTitle "playchess.com"]
[Source "ChessBase"]
[SourceQuality "1"]
[TimeControl "180+2"]

1. d4 Nf6 2. c4 g6 3. Nc3 Bg7 4. e4 d6 5. Be2 O-O 6. Bg5 c5 7. d5 h6 8. Bf4 e6 9. dxe6 Bxe6 10. Bxd6 Re8 11. e5 {[%emt 0:00:00] E74: King's Indian: Averbakh Variation: 6...c5.} Nfd7 12. f4 {[%emt 0:00:00] With the idea Nf3.} Nc6 13. Nf3 {[%emt 0:00:00] [#] aiming for 0-0. White is slightly better.} Bg4 $146 (13... g5 $11) ({Predecessor:} 13... f6 14. exf6 Nxf6 15. O-O Ng4 16. Bxc5 Qa5 17. Bf2 Rad8 18. Qe1 Nxf2 19. Rxf2 Nd4 {½-½ (31) Dunlop,G (2535)-Tauber,H (2527) GER email 2018}) 14. O-O $18 f6 15. h3 (15. Nb5 $18) 15... Bxf3 (15... Bf5 $16) 16. Bxf3 (16. gxf3 fxe5 17. fxe5 Ncxe5 $15) 16... fxe5 17. Bxc6 (17. Nb5 $18) 17... bxc6 $14 18. f5 Nb6 $2 (18... gxf5 $14 19. Qf3 (19. Rxf5 Qh4 $14) 19... Qf6) 19. Bxc5 $2 (19. fxg6 e4 $16) (19. Ne4 $18 {and White stays clearly on top.} Nd7 20. Qf3 (20. Nxc5 gxf5 21. Rxf5 Nxc5 $16) (20. Bxc5 gxf5 21. Rxf5 Nxc5 $11)) 19... Qxd1 (19... gxf5 $16 20. Rxf5 Qxd1+ 21. Rxd1 Nxc4) 20. Raxd1 $18 {[%emt 0:00:00] f6 is the strong threat.} gxf5 21. Rxf5 (21. b3 $1 $18) 21... e4 22. Bd4 {[%emt 0:00:00] White is much more active.} (22. Rf4 $1 $16) 22... Rad8 $2 (22... Nxc4 $11 {and Black has nothing to worry.} 23. Rf2 Rad8 24. Bxg7 (24. Bxa7 Rd3 $11) 24... Rxd1+ 25. Nxd1 Kxg7) 23. Bxg7 Rxd1+ 24. Nxd1 Kxg7 {[%emt 0:00:05][%mdl 4096] Endgame KRN-KRN} 25. Ne3 Rd8 (25... Na4 $142 26. b3 Nc3) 26. Re5 Rd2 27. b3 (27. Rxe4 $18 {And now Re7+ would win.} Kf7 28. Rf4+ Kg6 29. Rf2) 27... Rxa2 $16 28. Rxe4 Rb2 29. Re7+ Kg6 (29... Kf8 {was necessary.} 30. Rxa7 Rxb3) 30. Rc7 (30. Rxa7 Rxb3 31. Kf2 c5) 30... Rxb3 31. Rxc6+ ({White should play} 31. Kf2 $1 $18) 31... Kg5 32. Kf2 {[%emt 0:00:01] Black must now prevent g3.} a5 $2 (32... Kf4 $16) 33. Rc5+ $2 (33. h4+ $18 Kh5 34. g4+ Kxh4 35. Rc5 (35. Rxh6+ Kg5 $14) 35... Rxe3 36. Kxe3 Kxg4 37. Rc6 (37. Rxa5 {gets mated.} Nxc4+ 38. Ke4 Nxa5 39. Ke3 h5 40. Kf2 Nc4 41. Kf1 h4 42. Kf2 h3 43. Kf1 Kg3 44. Ke2 Kf4 45. Kf2 Ne3 46. Kg1 Kg3 47. Kh1 Ng4 48. Kg1 h2+ 49. Kf1 h1=Q+ 50. Ke2 Qd5 51. Ke1 Kf3 52. Kf1 Qd1#)) 33... Kg6 (33... Kf4 $14) 34. Rc6+ $2 ({Not} 34. Rxa5 Rxe3 $1 35. Ra6 Re6 $11) (34. Rc7 $16) 34... Kg5 $1 $18 35. h4+ Kf4 {[%emt 0:00:03] [#]} 36. Rf6+ $2 ({And not} 36. Rxh6 Rb2+ 37. Kg1 Kxe3 $17) (36. Rxb6 $1 $18 Rd3 (36... a4 37. Rxb3) 37. Rf6+ Ke5 38. Rxh6) 36... Ke4 {[%emt 0:00:03] Weighted Error Value: White=1.06/Black=0.56} 1/2-1/2

[Event "Romanian Team Blitz Open 2022"]
[Site "Sebes"]
[Date "2022.12.04"]
[Round "7.12"]
[White "Santimbrean, Bogdan-Iacob"]
[Black "Nastore, Pavel-Alexandru"]
[Result "0-1"]
[ECO "B90"]
[WhiteElo "1179"]
[BlackElo "2218"]
[Annotator "TA"]
[PlyCount "58"]
[EventDate "2022.12.04"]
[EventType "blitz"]
[EventCountry "ROU"]
[SourceTitle "playchess.com"]
[Source "ChessBase"]
[SourceQuality "1"]
[TimeControl "180+2"]

1. e4 c5 2. Nf3 d6 3. d4 cxd4 4. Nxd4 Nf6 5. Nc3 a6 6. a3 e5 {[%emt 0:00:04] B90: Sicilian Najdorf: Unusual White 6th moves, 6 Be3 Ng4 and 6 Be3 e5.} 7. Nf3 Be7 8. Bc4 {[%emt 0:00:03] 8.Bc4 has become a bit dusty these days.} Qc7 {[%emt 0:00:12] The position is equal.} 9. Qe2 O-O 10. O-O h6 {[%emt 0:00:03] [#]} 11. Be3 $146 ({Predecessor:} 11. Rd1 Be6 12. Ba2 Nbd7 13. Nh4 Nc5 14. Nf5 Kh7 15. Qf3 Bxa2 16. Rxa2 Ne6 17. Be3 {0-1 (68) Perez Ponsa,F (2554)-Assaubayeva,B (2400) Chess.com INT 2021}) 11... b5 (11... Be6 $5 12. Ba2 b5 $11) 12. Bb3 Bb7 {[%emt 0:00:03] [#]} (12... Nbd7 $14) 13. Bd2 ({White should try} 13. Nh4 $1 $16) 13... Nbd7 $15 14. Rfe1 Rac8 15. Rac1 (15. Nh4 $11) 15... Nc5 $17 16. Nd5 Nxd5 17. Bxd5 Bxd5 18. exd5 Qb7 19. Red1 Na4 ({Don't play} 19... Qxd5 $6 20. Bxh6 Qb7 21. Bd2 $15) 20. b3 {[%emt 0:00:34] [#]} Nc3 21. Bxc3 Rxc3 22. Rd2 Rfc8 {[%emt 0:00:02] Black is more active.} 23. Ne1 $2 {[%emt 0:00:04][%mdl 8192] Loses the game.} (23. Rd3 $17 {keeps fighting.}) 23... Bg5 $19 24. Rd3 $2 (24. Ra1 Bxd2 25. Qxd2) 24... Bxc1 {[%emt 0:00:11] Black is clearly winning.} 25. Rxc3 Rxc3 26. Qd1 Bg5 27. Nf3 Rc5 28. Qe2 Qxd5 29. h3 e4 {[%emt 0:00:02] Weighted Error Value: White=0.73/Black=0.18 (very precise)} 0-1

[Event "Romanian Team Blitz Open 2022"]
[Site "Sebes"]
[Date "2022.12.04"]
[Round "7.13"]
[White "Szabo, Gergely-Andras-Gyula"]
[Black "Stanca, Adrian"]
[Result "1-0"]
[ECO "B30"]
[WhiteElo "2514"]
[BlackElo "2182"]
[Annotator "TA"]
[PlyCount "31"]
[EventDate "2022.12.04"]
[EventType "blitz"]
[EventCountry "ROU"]
[SourceTitle "playchess.com"]
[Source "ChessBase"]
[SourceQuality "1"]
[TimeControl "180+2"]

1. e4 c5 2. Nf3 Nc6 3. Bc4 e6 4. O-O a6 5. d4 b5 6. d5 {[%emt 0:00:03] [#] B30: Sicilian: 2...Nc6 3 Bb5, lines without ...g6.} Nb8 $146 (6... bxc4 $14 7. dxc6 d6) ({Predecessor:} 6... bxc4 7. dxc6 d6 8. Re1 Qc7 9. Nbd2 c3 10. bxc3 Qxc6 11. c4 e5 12. Nf1 Nf6 {1-0 (64) Yuan,Q (2373)-Sadhwani,R (2619) Chess.com INT 2022}) 7. Be2 Nf6 8. dxe6 {[%emt 0:00:20] White is clearly better.} dxe6 9. Qxd8+ Kxd8 10. Rd1+ ({White should try} 10. a4) 10... Ke8 $16 11. a4 $36 {[%emt 0:00:13][%mdl 2048] Keeping Black busy.} b4 12. Nbd2 Bb7 13. e5 Nd5 14. Nc4 a5 15. Ng5 {[%emt 0:00:03] White has more active pieces.} Nf4 $2 {[%emt 0:00:59][%mdl 8192] [#]} 16. Bxf4 {[%emt 0:00:03] Weighted Error Value: White=0.11 (very precise) /Black=0.93} 1-0

[Event "Romanian Team Blitz Open 2022"]
[Site "Sebes"]
[Date "2022.12.04"]
[Round "7.14"]
[White "Coicev, Matei-Andrei"]
[Black "Nevednichy, Vladislav"]
[Result "0-1"]
[ECO "C01"]
[WhiteElo "2009"]
[BlackElo "2499"]
[Annotator "TA"]
[PlyCount "56"]
[EventDate "2022.12.04"]
[EventType "blitz"]
[EventCountry "ROU"]
[SourceTitle "playchess.com"]
[Source "ChessBase"]
[SourceQuality "1"]
[TimeControl "180+2"]

1. e4 e6 2. d4 d5 3. exd5 exd5 4. Nf3 Nf6 5. Bd3 c5 6. O-O c4 7. Re1+ Be7 8. Bf1 O-O {[%emt 0:00:01] C01: French: Exchange Variation.} 9. b3 cxb3 10. axb3 Bg4 {[%emt 0:00:05][%cal Bc8g4,Bg4h5,Bh5g6][%mdl 32] The position is equal.} 11. h3 Bh5 {[%emt 0:00:00] [#]} 12. Ba3 $146 ({Predecessor:} 12. g4 Bg6 13. Ne5 Nc6 14. Nxg6 fxg6 15. Bg2 Ne4 16. Bxe4 dxe4 17. Rxe4 Bh4 18. Be3 {1-0 (31) Arias Igual,A (2279)-Arizmendi Martinez,J (2488) Toledo 2022}) 12... Bxa3 13. Nxa3 Nc6 14. g4 Bg6 15. Ne5 Rc8 16. Nxc6 ({White should try} 16. Nxg6 $11 hxg6 17. Bg2) 16... Rxc6 17. Bd3 $2 {[%emt 0:00:00] [#]} (17. c4 $11 {and White is okay.}) 17... a6 18. Qd2 $2 {[%emt 0:00:00] Loses the game.} (18. Re3 $17 {might work better.}) 18... h5 19. Bxg6 fxg6 20. f3 Nh7 21. Kg2 Rcf6 22. Rf1 (22. Re3 $142 Qd6 23. Rd3) 22... Rf4 $19 23. Rae1 Qf6 24. Qa5 Rxd4 {[%emt 0:00:23] aiming for ...Ng5.} ({Inferior is} 24... Qxd4 25. Rd1 Qb2 26. Qxd5+ R8f7 27. Qc5 $15) 25. Qc7 {[%emt 0:00:05] [#]} (25. Nb1 $19 Qh4 26. Qc3) 25... Rd2+ {[%emt 0:00:10] Black mates.} 26. Kg1 Ng5 27. Re3 Nxh3+ 28. Kh1 Qh4 {[%emt 0:00:05] Weighted Error Value: White=0.94/Black=0.22 (precise)} 0-1

[Event "Romanian Team Blitz Open 2022"]
[Site "Sebes"]
[Date "2022.12.04"]
[Round "7.15"]
[White "Stoleriu, George"]
[Black "Danila, Tudor-Gabriel"]
[Result "1/2-1/2"]
[ECO "B23"]
[WhiteElo "2389"]
[BlackElo "1939"]
[Annotator "TA"]
[PlyCount "115"]
[EventDate "2022.12.04"]
[EventType "blitz"]
[EventCountry "ROU"]
[SourceTitle "playchess.com"]
[Source "ChessBase"]
[SourceQuality "1"]
[TimeControl "180+2"]

1. e4 c5 2. Nc3 d6 3. Bb5+ Bd7 4. a4 a6 5. Bxd7+ Qxd7 6. f4 {B23: Closed Sicilian: Lines without g3.} Nc6 7. Nf3 g6 8. O-O Bg7 9. d3 e6 10. f5 {[%emt 0:00:02] [#]} exf5 $146 (10... Nf6 $11) ({Predecessor:} 10... O-O-O 11. fxe6 fxe6 12. Ng5 Ne5 13. Bf4 Nh6 14. a5 Qc7 15. Nxe6 Qe7 16. Nxd8 Rxd8 {1-0 (31) Palomares,D-Argote Heredia,V (1856) Cali 2012}) 11. exf5 (11. Nd5 $16) 11... Nge7 $11 12. fxg6 hxg6 13. Bf4 O-O 14. Qd2 Rab8 15. Rae1 Nd4 16. Nxd4 (16. Bh6 {keeps more tension.} Rbe8 17. Bxg7 Kxg7 18. Ne4) 16... Bxd4+ 17. Kh1 Rbd8 18. Bh6 Bg7 (18... Rfe8 $1 $11 {remains equal.}) 19. Bg5 {[%emt 0:00:02] White is more active.} (19. Bxg7 $16 {Intending Qh6 and mate.} Kxg7 20. Ne4) 19... Rde8 20. b3 b5 21. axb5 axb5 22. Bxe7 Rxe7 23. Rxe7 Qxe7 24. Nxb5 Re8 25. Nc3 Qe5 $40 {[%emt 0:00:02][%mdl 128] Black is up to no good.} 26. Ne4 f5 27. Ng3 Kh7 {[%emt 0:00:02][%mdl 1024] Black has compensation.} 28. Qd1 d5 {[%emt 0:00:02] [#] Threatens to win with ...f4.} 29. Qf3 {[%emt 0:00:02] Prevents f4.} Bh6 {[%emt 0:00:02] Strongly threatening ...f4.} 30. h3 $2 (30. Rf2 $11) 30... f4 $19 31. d4 $2 (31. Kh2 {keeps fighting.} fxg3+ 32. Qxg3) 31... cxd4 ({Weaker is} 31... Qxd4 32. Ne2 Qe4 33. Nc3 (33. Nxf4 $2 {too greedy.} Rf8 $19) 33... Qxf3 34. gxf3 $11) 32. Nh5 gxh5 33. Ra1 (33. b4 $142) 33... Bg7 34. Kh2 Qg5 {[%emt 0:00:02] And now ...Re3 would win.} 35. Kh1 Re3 36. Qf1 Qg3 37. Rd1 f3 (37... Be5 $142 38. Qg1 f3 39. Ra1 f2 40. Ra7+ Kg6 41. Ra6+ Kf5 42. Rf6+ Kxf6 43. Qxf2+ Qxf2 44. g4 Rxh3#) 38. gxf3 Rxf3 39. Qg2 Qxh3+ 40. Qxh3 Rxh3+ {[%mdl 4096] Endgame KRB-KR} 41. Kg2 Rc3 42. Rd2 Bh6 43. Rxd4 Rxc2+ 44. Kh3 Rc3+ 45. Kh4 Rxb3 $2 (45... Rc5 $19 {Hoping for ...Be3.} 46. Kxh5 Be3) 46. Rxd5 $11 Rb1 {[%emt 0:00:02] aiming for ...Rh1+.} 47. Kxh5 Rg1 48. Rd7+ Bg7 49. Rd6 Kg8 50. Rd8+ Kf7 51. Rd7+ Kf6 52. Rd6+ {[%emt 0:00:04] [#]} Ke5 $2 ({Black should play} 52... Kf5 $1 53. Kh4 Rh1+ 54. Kg3 Be5+ 55. Kg2 Rh2+ 56. Kf3 Rh3+ 57. Ke2 Bxd6 58. Kd2 Be5 59. Kd1 Rh2 60. Kc1 Bh8 61. Kb1 Ke4 62. Kc1 Kd3 63. Kb1 Bc3 64. Kc1 Rh1#) 53. Rg6 {[%emt 0:00:02] The position is equal.} Rh1+ 54. Kg4 Rg1+ 55. Kh5 Rh1+ 56. Kg4 Rg1+ 57. Kh5 Ra1 58. Rxg7 {[%emt 0:00:02] Weighted Error Value: White=0.81/Black=0.28 (precise)} 1/2-1/2

[Event "Romanian Team Blitz Open 2022"]
[Site "Sebes"]
[Date "2022.12.04"]
[Round "7.16"]
[White "Mainescu, Andrei-Cristian"]
[Black "Zubcu, Vlad-George"]
[Result "0-1"]
[ECO "A04"]
[WhiteElo "1860"]
[BlackElo "2135"]
[Annotator "TA"]
[PlyCount "60"]
[EventDate "2022.12.04"]
[EventType "blitz"]
[EventCountry "ROU"]
[SourceTitle "playchess.com"]
[Source "ChessBase"]
[SourceQuality "1"]
[TimeControl "180+2"]

1. e4 c5 2. Nf3 e6 3. g3 g6 4. Bg2 Bg7 5. O-O Nc6 6. c3 {[%emt 0:00:02] A04: Unusual lines after 1 Nf3 and King's Indian Attack.} Nge7 7. Re1 O-O {[%emt 0:00:02] [#]} 8. a4 $146 {[%emt 0:00:02] White has an edge.} ({Predecessor:} 8. d4 cxd4 9. cxd4 d5 10. e5 Qb6 11. Nc3 Nf5 12. Ne2 h5 13. h3 Bd7 14. g4 hxg4 15. hxg4 {0-1 (45) Murzin,V (2478)-Golizadeh,A (2455) Chess.com INT 2021}) 8... d5 9. exd5 Nxd5 (9... exd5 $142 10. d3 Bf5) 10. d4 cxd4 11. cxd4 b6 12. Nc3 Nxc3 13. bxc3 Bb7 14. Bg5 Qc8 15. Qd2 Na5 16. Bh6 {[%emt 0:00:00] Loses the game.} (16. Qe3 $15) 16... Nb3 $1 $19 17. Qf4 (17. Qb2 $142 Nxa1 18. Bxg7 Kxg7 19. Nh4) 17... Nxa1 (17... Qxc3 18. Bxg7 Kxg7 19. Rab1 Bxf3 20. Bxf3 $17) 18. Bxg7 Kxg7 19. Rxa1 Bxf3 20. Bxf3 Rb8 ({Not} 20... Qxc3 21. Rc1 Qa5 22. Bxa8 Rxa8 23. Rc7 $17) 21. Rc1 Qd8 22. c4 Qf6 23. Qe3 Rfd8 24. d5 Rbc8 25. Kg2 h5 26. a5 (26. h4 {is a better defense.}) 26... bxa5 27. dxe6 Qxe6 28. Qc3+ Qf6 {[%emt 0:00:00] Hoping for ...Qxc3.} 29. Qxa5 h4 {[%emt 0:00:00][%cal Oh4h3] [#] Threatens to win with ...h3+!} ({Don't go for} 29... Rd3 $2 30. Be4 Rd7 31. Bd5) 30. c5 $2 {[%emt 0:00:01] Against h3+} (30. Qa1) 30... h3+ {[%emt 0:00:00] Weighted Error Value: White=0.53/Black=0.17 (very precise)} 0-1